 Dungeon Crawl Stone Soup version 0.27-a0-279-gdfb9265905 (webtiles) character file.

Game seed: 623580243037614387

1371 gimp the Ruffian (level 8, -2/62 (67) HPs)
             Began as a Troll Earth Elementalist on Feb 7, 2021.
             Was an Initiate of Gozag.
             Slain by a wight
             ... wielding a cursed +2 morningstar of freezing
              (17 damage)
             ... on level 7 of the Dungeon.
             The game lasted 00:08:07 (4864 turns).

gimp the Ruffian (Troll Earth Elementalist)         Turns: 4864, Time: 00:08:08

HP:   -2/62 (67)    AC:  7    Str: 17    XL:     8   Next: 38%
MP:   8/8           EV: 10    Int: 13    God:    Gozag
Gold: 278           SH:  0    Dex: 16    Spells: 4/9 levels left

rFire    . . .     SeeInvis .     - Unarmed
rCold    . . .     Faith    .   (no shield)
rNeg     . . .     Spirit   .   v - +1 robe "Eqif" {Will+ Dex+6 Stlth+}
rPois    +         Reflect  .   (helmet restricted)
rElec    .         Harm     .   (no cloak)
rCorr    .         Rampage  .   (gloves unavailable)
Will     +....                  (boots unavailable)
Stlth    +++.......             a - amulet of regeneration
HPRegen  1.00/turn              h - ring of poison resistance
MPRegen  0.11/turn              (no ring)

@: gold aura, drained
A: large, unfitting armour, claws 3, regeneration 1, shaggy fur 1, tough skin 3
a: Renounce Religion, Potion Petition, Call Merchant, Bribe Branch


You were on level 7 of the Dungeon.
You worshipped Gozag.
Gozag was aware of your devotion.
You visited 2 branches of the dungeon, and saw 8 of its levels.

You collected 369 gold pieces.
You paid 91 gold pieces to Gozag.

Inventory:

Missiles
 b - 301 stones
 w - 27 poisoned darts
Armour
 p - a +2 robe of fire resistance
 v - the +1 robe "Eqif" (worn) {Will+ Dex+6 Stlth+}
   (You found it on level 6 of the Dungeon)

   It affects your dexterity (+6).
   It affects your willpower, your defense against some magical effects.
   It makes you more stealthy.
Jewellery
 a - an amulet of regeneration (around neck)
 h - a ring of poison resistance (left claw)
 s - an uncursed ring of fire
Wands
 d - a wand of random effects (10)
Scrolls
 c - a scroll of random uselessness {unknown}
 f - a scroll of enchant armour
 l - a scroll of enchant weapon {unknown}
 o - a scroll of immolation
 r - 3 scrolls of fog
 t - 2 scrolls of remove curse
 x - a scroll of noise {unknown}
Potions
 e - 3 potions of might
 g - 3 potions of attraction
 i - 4 potions of haste
 j - 5 potions of curing
 k - 2 potions of lignification
 m - 2 potions of brilliance
 n - 3 potions of cancellation
 q - a potion of invisibility
 u - a potion of mutation
 z - a potion of magic {unknown}


   Skills:
 - Level 1.5 Dodging
 - Level 1.0 Stealth
 * Level 7.2 Unarmed Combat
 - Level 1.2 Spellcasting
 + Level 3.8 Transmutations
 + Level 5.4 Earth Magic


You had 4 spell levels left.
You knew the following spells:

 Your Spells              Type           Power        Failure   Level
a - Sandblast             Erth           28%          3%          1
b - Petrify               Tmut/Erth      12%          38%         4

Your spell library contained the following spells:

 Spells                   Type           Power        Failure   Level
 Passwall                 Tmut/Erth      10%          6%          2
 Stone Arrow              Conj/Erth      14%          26%         3
 Foxfire                  Conj/Fire      0%           28%         1
 Conjure Flame            Conj/Fire      0%           63%         3
 Inner Flame              Hex/Fire       0%           63%         3
 Sticky Flame             Conj/Fire      0%           95%         4
 Lee's Rapid Deconstruct  Erth           7%           63%         5
 Bolt of Magma            Conj/Fire/Erth 2%           98%         5
 Fireball                 Conj/Fire      0%           100%        5
 Iskenderun's Battlesphe  Conj           0%           100%        5
 Iron Shot                Conj/Erth      3%           100%        6
 Orb of Destruction       Conj           0%           100%        7
 Spellforged Servitor     Conj/Summ      0%           100%        7


Dungeon Overview and Level Annotations

Branches:
Dungeon (7/15)             Temple (1/1) D:6

Altars:
Ashenzari
Cheibriados
Dithmenos
Elyvilon
Fedhas
Gozag
Hepliaklqana
Kikubaaqudgha
Makhleb
Nemelex Xobeh
Okawaru
Qazlal
Ru
Sif Muna
Trog
Uskayaw
Vehumet
Xom
Yredelemnul
Zin
The Shining One


Innate Abilities, Weirdness & Mutations

You are too large for most types of armour.
You have claws for hands.
Your natural rate of healing is unusually fast.
You are covered in fur. (AC +1)
You have extremely tough skin. (AC +3)


Message History

The wight hits you with a cursed +2 morningstar of freezing!
The wight freezes you.
You take 9 damage, and have 27/64 hp.
You are too injured to fight recklessly!
You are too injured to fight recklessly!
You scratch the wight but do no damage.
The wight is heavily damaged.
The wight hits you but does no damage.
You scratch the wight but do no damage.
The wight is heavily damaged.
The wight barely misses you. x2
You scratch the wight.
The wight is severely damaged.
The wight hits you from afar with a +0 trident!
* * * LOW HITPOINT WARNING * * *
You feel drained.
* * * LOW HITPOINT WARNING * * *
The wight hits you with a cursed +2 morningstar of freezing!
You die...
Your body crumbles into a pile of gold.

#. .. #. #. ##.## ### .
#...# ##.## .# #..(#
###...##.#
#...######........#
#..zzz@....#....#######
#..$#####..##.#........
...............#...........
.....z............#........
..........>....##.#........
..?...#....................
......#...######...########
.._..####.# #......# .....
.# #.##.#.# #


You could see 3 wights.

Vanquished Creatures
  Sigmund (D:2)
  An ogre (D:4)
  3 bullfrogs
  2 wights (D:7)
  4 howler monkeys
  A bullfrog zombie (D:6)
  3 centaur skeletons
  2 hounds
  2 orc priests
  An iguana (D:4)
  3 worker ants
  Ijyb (D:4)
  6 orc wizards
  A worker ant zombie (D:6)
  A howler monkey skeleton (D:4)
  6 adders
  An ufetubus (D:6)
  An ooze (D:5)
  A worm (D:3)
  The ghost of Snicker the Sneak, a weakling DsDe (D:6)
  4 dart slugs
  A leopard gecko (D:3)
  15 orcs
  4 ball pythons
  5 bats
  6 giant cockroaches
  8 goblins
  4 hobgoblins
  11 kobolds
  2 quokkas (D:3)
  4 frilled lizards
  A jackal skeleton (D:4)
  A quokka skeleton (D:5)
  14 rats
122 creatures vanquished.

Notes
Turn   | Place    | Note
-------+----------+-------------------------------------------
     0 | D:1      | gimp the Troll Earth Elementalist began the quest for the
                  | Orb.
     0 | D:1      | Reached XP level 1. HP: 16/16 MP: 1/1
   107 | D:1      | Reached skill level 1 in Unarmed Combat
   113 | D:1      | Reached XP level 2. HP: 24/24 MP: 2/2
   116 | D:1      | Reached skill level 1 in Transmutations
   800 | D:2      | Reached XP level 3. HP: 31/31 MP: 3/3
  1274 | D:2      | Reached skill level 2 in Unarmed Combat
  1282 | D:2      | Found a faded altar of an unknown god.
  1310 | D:2      | Found an iron altar of Okawaru.
  1310 | D:2      | Found an ancient bone altar of Kikubaaqudgha.
  1310 | D:2      | Noticed Sigmund
  1333 | D:2      | Killed Sigmund
  1334 | D:2      | Reached skill level 3 in Unarmed Combat
  1334 | D:2      | Reached XP level 4. HP: 21/39 MP: 4/4
  1334 | D:2      | Reached XP level 5. HP: 25/45 MP: 5/5
  1334 | D:2      | Found a broken altar of Ashenzari.
  1348 | D:2      | Found a basalt altar of Yredelemnul.
  1348 | D:2      | Found a stormy altar of Qazlal.
  1349 | D:2      | Found a white marble altar of Elyvilon.
  1844 | D:3      | Reached skill level 4 in Unarmed Combat
  2178 | D:4      | Reached XP level 6. HP: 53/53 MP: 6/6
  2183 | D:4      | Learned a level 4 spell: Petrify
  2358 | D:3      | Reached skill level 5 in Unarmed Combat
  2358 | D:3      | Reached XP level 7. HP: 26/59 MP: 7/7
  2528 | D:4      | Noticed Ijyb
  2542 | D:4      | Killed Ijyb
  2683 | D:4      | Found a sacrificial altar of Ru.
  2887 | D:5      | Entered Level 5 of the Dungeon
  3965 | D:6      | Reached skill level 6 in Unarmed Combat
  3987 | D:6      | Got a dull robe
  3998 | D:6      | Identified the +1 robe "Eqif" {Will+ Dex+6 Stlth+} (You
                  | found it on level 6 of the Dungeon)
  4242 | D:6      | Found a staircase to the Ecumenical Temple.
  4252 | Temple   | Entered the Ecumenical Temple
  4289 | Temple   | Became a worshipper of Gozag Ym Sagoz the Greedy
  4355 | D:6      | Found an opulent altar of Gozag.
  4550 | D:6      | Found a runed translucent gate.
  4550 | D:6      | Found a runed translucent gate.
  4550 | D:6      | Found a runed translucent gate.
  4551 | D:6      | Noticed Snicker's ghost (weakling DsDe)
  4571 | D:6      | Killed Snicker's ghost
  4577 | D:6      | Reached skill level 5 in Earth Magic
  4579 | D:6      | Reached XP level 8. HP: 51/67 MP: 8/8
  4811 | D:7      | Found a burning altar of Makhleb.
  4845 | D:7      | Reached skill level 7 in Unarmed Combat
  4864 | D:7      | Slain by a wight

Illustrated notes

Levels and vault maps discovered:
D:1:      minmay_arrival_four_houses, layout_loops_ring
D:2:      layout_basic, grunt_temple_overflow_open,
          chequers_ecumenical_altar_lobes, st_stairs_11, hangedman_decor_points,
          minmay_strange_pillars, uniq_sigmund
D:3:      minmay_chambers_of_threes, layout_loops_ring, solitary_fountain
D:4:      layout_cave_pools, nicolae_ru_the_path_less_chosen, uniq_ijyb
D:5:      layout_layer_cave
D:6:      layout_loops_corners, minmay_temple_entry_glass,
          gammafunk_ghost_necromancy, grunt_gozag_statues
D:7:      layout_loops_cross, nicolae_overflow_crystal_walls, basic_altar,
          serial_shops, shop_statue, lightli_church_of_beogh
Temple:   nicolae_temple_great_sept

Skill      XL: |  1  2  3  4  5  6  7  8 |
---------------+-------------------------+-----
Unarmed Combat | 1 3 4 5 6 7 |  7.2
Transmutations | 1 2 3 |  3.8
Earth Magic    | 3 4 5 |  5.4
Dodging        | |  1.5
Stealth        | |  1.0
Spellcasting   | |  1.2

Action                   |  1- 3 |  4- 6 |  7- 9 || total
-------------------------+-------+-------+-------++-------
Melee: Unarmed           |    82 |   144 |   199 ||   425
       Punch             |       |     1 |     3 ||     4
  Use: Potion            |       |     1 |       ||     1
       Scroll            |       |       |    13 ||    13
 Stab: Sleeping          |     1 |     3 |     2 ||     6
       Distracted        |       |       |     1 ||     1
Armor: Robe              |    24 |    62 |    58 ||   144
Dodge: Dodged            |    27 |    78 |    68 ||   173

Table legend: (Time is in decaauts)
 A = Elapsed time spent in this place.
 B = Non-inter-level travel time spent in this place.
 C = Inter-level travel time spent in this place.
 D = Time resting spent in this place.
 E = Time spent auto-exploring this place.
 F = Levels seen in this place.
 G = Mean time per level.
                   A        B        C        D        E       F      G
               +--------+--------+--------+--------+--------+-----+--------+
         Total |   4827 |   4631 |    196 |     58 |   3602 |   8 |  603.4 |
       Dungeon |   4778 |   4593 |    185 |     58 |   3602 |   7 |  682.6 |
        Temple |     49 |     38 |     11 |      0 |      0 |   1 |   49.0 |
               +--------+--------+--------+--------+--------+-----+--------+

Top non-repeatable levels by time:
     D:5: 935 daAuts
     D:6: 883 daAuts
     D:3: 814 daAuts
     D:2: 741 daAuts
     D:1: 707 daAuts
     D:4: 607 daAuts
     D:7: 89 daAuts
  Temple: 49 daAuts
